 Dungeon Crawl Stone Soup version 0.31.0-12-g77e489cdc1 (webtiles) character file.

Game seed: 9373327676342635543

198 Gadfly the Magician (level 6, -5/45 HPs)
             Began as a Djinni Summoner on Feb 13, 2024.
             Slain by a bullfrog (8 damage)
             ... in a sewer.
             The game lasted 00:08:22 (2791 turns).

Gadfly the Magician (Djinni Summoner)               Turns: 2791, Time: 00:08:23

Health: -5/45      AC:  2    Str:  9    XL:     6   Next: 5%
Gold:   133        EV: 13    Int: 16    God:
                   SH:  0    Dex: 14

rFire   + + .        b - +1 war axe
rCold   x . .        (no shield)
rNeg    . . .        a - +0 robe
rPois   ∞            (no helmet)
rElec   .            (no cloak)
rCorr   .            (no gloves)
SInv    .            (boots unavailable)
Will    +....        (no amulet)
Stlth   ++           (no ring)
HPRegen 0.27/turn    (no ring)
MPRegen 0.00/turn

%: infuse magic (-6 HP)
@: enlightened, flying, inugami summoned
A: sickness immunity, fire resistance 2, cold vulnerability 1, float, innate
caster, HP casting, extra vitality 1
a: no special abilities


You were in a sewer.
You visited 1 branch of the dungeon, and saw 3 of its levels.
You also visited: Sewer.

You collected 133 gold pieces.

Inventory:

Hand Weapons
 b - a +1 war axe (weapon)
Armour
 a - a +0 robe (worn)
Wands
 h - a wand of roots (9)
Potions
 d - a potion of enlightenment
 e - a potion of mutation {unknown}
 g - a potion of haste {unknown}


   Skills:
 + Level 2.4 Fighting
 * Level 3.8 Dodging
 - Level 1.5 Stealth
 * Level 4.5 Spellcasting
 * Level 4.5 Conjurations
 * Level 4.5 Hexes
   Level 0.0 Charms
 * Level 4.5 Summonings
 * Level 4.5 Necromancy
 * Level 4.5 Translocations
   Level 0.0 Transmutations
 * Level 4.5 Fire Magic
 * Level 4.5 Ice Magic
 * Level 4.5 Air Magic
 * Level 4.5 Earth Magic
 * Level 4.5 Alchemy


You knew the following spells:

 Your Spells              Type           Power      Damage    Failure   Level
a - Summon Small Mammal   Summ           72%        N/A       2%          1
b - Call Imp              Summ           36%        N/A       3%          2
c - Call Canine Familiar  Summ           18%        N/A       8%          3
d - Summon Blazeheart Go  Fire/Summ      18%        N/A       24%         4
e - Summon Lightning Spi  Summ/Air       18%        N/A       24%         4
f - Slow                  Hex            72%        N/A       2%          1
g - Ensorcelled Hibernat  Hex/Ice        36%        N/A       3%          2
Your spell library was empty.

Dungeon Overview and Level Annotations

Branches:
Dungeon (3/15)              Sewer (1/1)

Altars:


Innate Abilities, Weirdness & Mutations

You are immune to sickness and miasma.
You are immune to poison.
Your flesh is very heat resistant. (rF++)
You are vulnerable to cold. (rC-)
You float through the air rather than walking.
You learn spells naturally, not from books.
Your magical power is your life essence.
You have superior vitality. (+4 MHP)


Message History

Your cerulean imp barely misses the bullfrog.
The ball python attacks as it pursues you!
The ball python closely misses you. x2
Items here: †††††.
You slash the ball python!
You kill the ball python!
The bullfrog hits your cerulean imp.
The bullfrog barely misses your cerulean imp. x2
The bullfrog hits your cerulean imp but does no damage.
Your cerulean imp barely misses the bullfrog.
The bullfrog hits your cerulean imp. x2
Your cerulean imp dies!
Your cerulean imp disappears in a puff of smoke!
Your inugami barely misses the bullfrog.
The bullfrog hits you.
You see here a ball python corpse.
You barely miss the bullfrog.
The bullfrog is lightly wounded.
You hit the bullfrog. The bullfrog closely misses you.
Your inugami barely misses the bullfrog.
The bullfrog hits you. x2
* * * LOW HITPOINT WARNING * * *
Your inugami completely misses the bullfrog.
The bullfrog barely misses you.
Casting: Call Canine Familiar (dangerous; 8% risk of failure)
Confirm with . or Enter, or press ? or * to list all spells.
A tiny devil pulls itself out of the air.
* * * LOW HITPOINT WARNING * * *
The bullfrog misses you. The bullfrog barely misses you.
Your inugami hits the bullfrog. The bullfrog closely misses you.
Unknown command.
It was a potion of enlightenment.
You feel more buoyant. The bullfrog hits you.
* * * LOW HITPOINT WARNING * * *
The bullfrog hits you.
* * * LOW HITPOINT WARNING * * *
Your inugami splashes around in the water.
The bullfrog hits you!
You die...

#.....#########~~~#
∩.~####.†.~~~.~~~.####
####~~~~#####~.~~.#~~##
#~~~~~~.#~∩~#######~~~####
.~~.~####~.~~~~..#~~~.~~~##
.~~###~~...~~~...##~†#..~~##
~.##.~~~~#######~†#~~##~~†~#
~##~.~~###≈≈~~h#†~##~~##..~##
~#.~~~##≈≈~~~~~F@~~#..~#.~~~#
##~~.##
≈~~~~~~F5~~#~~.##.~~## #~~~.#
~~..~.$..~~#~.~~#.~~.# #~~~.#
.~~~.}??.~~#~.~~#.~.∩# #~~~~#
~~~.%?$.~~≈#.†~~#.~~.#
##~..##
≈≈~~~...~≈##~~~##~~.##
~#~~~†##≈≈≈≈~~.≈≈##~~~~#~~~~#
.##~.†~###≈≈≈≈≈###~~~.##~.~##
~.##~~~~~#######†~.~~##.~~~#


You could see 2 bullfrogs, a friendly cerulean imp (summoned) and a friendly
inugami (summoned).

Vanquished Creatures
  8 adders
  13 dart slugs
  5 orcs (D:3)
  10 ball pythons
  12 endoplasms
  4 giant cockroaches
  2 hobgoblins (D:1)
  4 jackals
  5 bats
  11 frilled lizards
  3 kobolds (D:1)
  4 rats
81 creatures vanquished.

Vanquished Creatures (collateral kills)
  A bat (D:1)
  3 endoplasms
  3 giant cockroaches (D:1)
  A hobgoblin (D:1)
  2 jackals (D:1)
  3 ball pythons
  A kobold (D:1)
  A rat (D:1)
15 creatures vanquished.

Grand Total: 96 creatures vanquished

Notes
Turn   | Place    | Note
-------+----------+-------------------------------------------
     0 | D:1      | Gadfly the Djinni Summoner began the quest for the Orb.
     0 | D:1      | Gadfly set off with the following spells memorised: Summon
                  | Small Mammal, Call Imp, Call Canine Familiar, Summon
                  | Blazeheart Golem, Summon Lightning Spire.
     0 | D:1      | Reached XP level 1. HP: 15/15 MP: 0/0
   244 | D:1      | Reached XP level 2. HP: 7/22 MP: 0/0
   961 | D:1      | Reached XP level 3. HP: 24/26 MP: 0/0
   961 | D:1      | Learned a level 1 spell: Slow
  1021 | D:1      | Reached skill level 1 in Fighting
  1669 | D:2      | Reached XP level 4. HP: 18/32 MP: 0/0
  2078 | D:3      | Found a glowing drain.
  2108 | Sewer    | Entered a sewer
  2164 | Sewer    | Reached XP level 5. HP: 34/38 MP: 0/0
  2164 | Sewer    | Learned a level 2 spell: Ensorcelled Hibernation
  2757 | Sewer    | Reached XP level 6. HP: 39/44 MP: 0/0
  2791 | Sewer    | Slain by a bullfrog

Illustrated notes

Levels and vault maps discovered:
D:1:      dpeg_arrival_simpleton_a, layout_loops_ring
D:2:      layout_basic
D:3:      layout_basic, nicolae_hepliaklqana_monster_ancestors,
          chequers_temple_overflow_minitemple, portal_sewer_entry_d,
          uniq_grinder
Sewer:    sewer_frog_island_02

Skill      XL: |  1  2  3  4  5 |
---------------+----------------+-----
Fighting       | 1 2 |  2.4
Spellcasting   | 4 |  4.5
Conjurations   | 4 |  4.5
Hexes          | 4 |  4.5
Summonings     | 4 |  4.5
Necromancy     | 4 |  4.5
Translocations | 4 |  4.5
Fire Magic     | 4 |  4.5
Ice Magic      | 4 |  4.5
Air Magic      | 4 |  4.5
Earth Magic    | 4 |  4.5
Alchemy        | 4 |  4.5
Dodging        | 3 |  3.8
Stealth        | |  1.5

Action                     |  1- 3 |  4- 6 || total
---------------------------+-------+-------++-------
  Melee: Unarmed           |   191 |       ||   191
         Short sword       |    31 |       ||    31
         War axe           |    13 |   139 ||   152
         Punch             |     3 |     2 ||     5
   Cast: Summon Small Mamm |    27 |       ||    27
         Call Imp          |       |     5 ||     5
         Call Canine Famil |       |     1 ||     1
    Use: Scroll            |     3 |     2 ||     5
         Potion            |     1 |     1 ||     2
   Stab: Sleeping          |     2 |     2 ||     4
 Armour: Robe              |   141 |    85 ||   226
  Dodge: Dodged            |   194 |   132 ||   326
